 Dungeon Crawl Stone Soup version 0.28-a0-1555-g9ae15a6949 (webtiles) character file.

Game seed: 6913308893849616126

27785 HallandMoats the Fighter (level 13, -2/124 HPs)
             Began as a Ghoul Monk on Jan 18, 2022.
             Was a Believer of Qazlal.
             Killed by an exploding vault guard (15 damage)
             ... ignited by their inner flame
             ... on level 13 of the Dungeon.
             The game lasted 00:34:41 (22133 turns).

HallandMoats the Fighter (Ghoul Monk)              Turns: 22133, Time: 00:34:42

Health: -2/124     AC: 15    Str: 26    XL:     13   Next: 34%
Magic:  18/19      EV: 14    Int:  5    God:    Qazlal [**....]
Gold:   827        SH: 14    Dex: 11    Spells: 12/12 levels left

rFire   + . .      SeeInvis .   a - +1 hunting sling (venom)
rCold   + + .      Faith    .   I - +2 buckler {rC+ rF+}
rNeg    + + +      Spirit   .   q - +1 acid dragon scales rPois āˆž Reflect +
                                (no helmet)
rElec   .          Harm     .   x - +0 cloak
rCorr   +          Rampage  .   H - +0 pair of gloves
Will    .....                   (no boots)
Stlth   +.........              B - amulet of reflection
HPRegen 0.00/turn               h - +6 ring of strength
MPRegen 0.16/turn               u - +4 ring of protection

@: inhibited regen
A: claws 1, cold resistance 1, negative energy resistance 3, inhibited
regeneration, torment resistance 2
a: Renounce Religion, Upheaval


You were on level 13 of the Dungeon.
You worshipped Qazlal.
Qazlal was pleased with you.
You visited 2 branches of the dungeon, and saw 14 of its levels.

You collected 1157 gold pieces.
You spent 330 gold pieces at shops.

Inventory:

Hand Weapons
 a - a +1 hunting sling of venom (weapon)
 b - a +1 scimitar of flaming
Missiles
 t - 91 sling bullets
 F - 357 stones (quivered ammo)
Armour
 q - +1 acid dragon scales (worn)
 x - a +0 cloak (worn)
 H - a +0 pair of gloves (worn)
 I - a +2 buckler of resistance (worn)
Jewellery
 h - a +6 ring of strength (left hand)
 j - a ring of protection from cold
 u - a +4 ring of protection (right hand)
 w - a ring of ice
 B - an amulet of reflection (around neck)
 G - a +4 ring of protection
 L - a ring of ice
Wands
 m - a wand of flame (59)
 E - a wand of iceblast (5)
Scrolls
 l - a scroll of fog
 o - a scroll of enchant armour
 p - a scroll of amnesia
 y - a scroll of enchant weapon
 J - a scroll of noise
Potions
 c - 3 potions of flight
 d - a potion of cancellation
 e - a potion of lignification
 f - 3 potions of brilliance
 k - a potion of berserk rage {unknown}
 n - a potion of degeneration {unknown}
 r - a potion of haste {unknown}
 s - a potion of might {unknown}
 v - a potion of resistance {unknown}
 z - a potion of magic {unknown}
 C - 2 potions of mutation {unknown}


   Skills:
 * Level 14.1 Fighting
 + Level 9.8 Slings
 + Level 8.0 Armour
 + Level 8.6 Dodging
 - Level 2.1 Stealth
 * Level 0.9 Shields
 - Level 3.2 Unarmed Combat
 + Level 9.6 Invocations


You had 12 spell levels left.
You didn't know any spells.
Your spell library contained the following spells:

 Spells                   Type           Power      Damage    Failure   Level
 Animate Skeleton         Necr           0%         N/A       65%         1
 Pain                     Necr           0%         1d4       65%         1
 Corpse Rot               Necr/Air       0%         N/A       78%         2
 Poisonous Vapours        Pois/Air       0%         N/A       78%         2
 Ozocubu's Armour         Ice            0%         N/A       95%         3
 Vampiric Draining        Necr           0%         2d6       95%         3
 Petrify                  Tmut/Erth      0%         N/A       100%        4
 Irradiate                Conj/Tmut      0%         3d14      100%        5
 Ozocubu's Refrigeration  Ice            0%         4d5       100%        7
 Summon Hydra             Summ           0%         N/A       100%        7
 Sublimation of Blood     Necr           Unusable   N/A       N/A         2
 Wereblood                Tmut           Unusable   N/A       N/A         2

Dungeon Overview and Level Annotations

Branches:
Dungeon (13/15)            Temple (0/1) D:6            Lair (0/6) D:8
    Orc (1/2) D:10
 Vaults: D:13-14

Altars:
Ashenzari
Cheibriados
Dithmenos
Elyvilon
Hepliaklqana
Okawaru
Qazlal
Trog
Wu Jian
The Shining One

Shops:
D:8 =*

Portals:
Trove: D:12 (give +2 gold dragon scales)

Annotations:
D:10 Grognak's ghost, novice MiBe


Innate Abilities, Weirdness & Mutations

You thrive by killing the living.
You are immune to poison.
You have sharp fingernails.
Your flesh is cold resistant. (rC+)
You are immune to negative energy. (rN+++)
You do not regenerate when monsters are visible.
You are immune to unholy pain and torment.


Message History

* * * LOW HITPOINT WARNING * * *
The vault guard completely misses you.
You feel better.
The vault guard is engulfed in blazing flames.
Flame seeps out of the vault guard.
The vault guard closely misses you.
The vault guard hits you with a +0 dire flail.
* * * LOW HITPOINT WARNING * * *
The vault guard hits you with a +1 battleaxe.
* * * LOW HITPOINT WARNING * * *
Fire: 359 stones
Press: ? - help, Q - select action, (/) - cycle Shift-Dir - straight line, f/p - vault guard
Aim: a vault guard, wielding a +0 war axe of venom and wearing a +0 chain mail (flame, almost dead, inner flame, poisoned, 66% to hit)
You shoot a stone.
The stone hits the vault guard but does no damage.
The vault guard looks even sicker.
The vault guard is almost dead.
Flame seeps out of the vault guard.
The vault guard is engulfed in blazing flames.
Flame seeps out of the vault guard.
The vault guard hits you with a +0 war axe of venom!
* * * LOW HITPOINT WARNING * * *
You block the vault guard's attack.
The vault guard hits you with a +1 battleaxe!
* * * LOW HITPOINT WARNING * * *
Unknown command.
Fire: 358 stones
Press: ? - help, Q - select action, (/) - cycle Shift-Dir - straight line, f/p - vault guard
Aim: a vault guard, wielding a +0 war axe of venom and wearing a +0 chain mail (almost dead, inner flame, very poisoned, 66% to hit)
You shoot a stone. The stone hits the vault guard.
Flame seeps out of the vault guard.
The vault guard looks as sick as possible!
The vault guard is almost dead.
You block the vault guard's attack.
The vault guard is engulfed in blazing flames.
Qazlal accepts your kill.
The vault guard explodes!
The fiery explosion engulfs the vault guard!!!
The vault guard is severely wounded.
The fiery explosion engulfs you! You resist.
You die...

.............āˆ©#..#
..............####
.................#
.................#
..............####
.................#
............p....#
......((......####
..(...((......pā—‹@#
(.######(######pp#
#.# #.# #### ..# #.#
.# ..


You could see 3 vault guards.

Vanquished Creatures
  Josephine (D:11)
  A hydra (D:12)
  3 vault guards (D:13)
  A centaur warrior (D:13)
  5 two-headed ogres
  A tengu warrior (D:13)
  An ugly thing (D:12)
  An orc sorcerer (D:10)
  2 manticores
  A cyclops (D:13)
  A gargoyle (D:12)
  Psyche (D:11)
  2 komodo dragons
  A tengu conjurer (D:13)
  5 trolls
  8 slime creatures (D:12)
  A shadow (D:9)
  12 yaks
  5 wyverns
  5 wraiths
  8 vampire mosquitoes
  A warg (Orc:1)
  An acid dragon (D:4)
  Duvessa (D:3)
  5 water moccasins
  3 orc warriors
  An ice beast (D:6)
  A hornet zombie (D:7)
  2 necrophages (D:6)
  7 centaurs
  2 ogres
  A kobold brigand (D:9)
  3 bullfrogs
  2 wyvern zombies
  3 scorpions (D:5)
  Dowan (D:3)
  A water moccasin skeleton (D:4)
  14 killer bees
  4 wights (D:6)
  5 howler monkeys
  2 bullfrog zombies
  6 centaur zombies
  A bullfrog skeleton (D:6)
  A gnoll shaman (D:9)
  A jelly (D:6)
  4 hounds
  6 orc priests
  4 iguanas
  9 orc wizards
  17 gnolls
  7 adders
  2 shadow imps (D:7)
  An ufetubus (D:7)
  A worm (D:2)
  A dart slug (D:1)
  47 orcs
  3 ball pythons
  3 bats
  3 endoplasms
  3 giant cockroaches
  4 goblins (D:1)
  7 hobgoblins
  19 jackals
  5 quokkas
  4 frilled lizards
  13 kobolds
  6 rats
304 creatures vanquished.

Vanquished Creatures (collateral kills)
  A boulder beetle (D:11)
  A catoblepas (D:11)
  Erica (D:8)
  A two-headed ogre (D:10)
  3 death yaks (D:8)
  A wyvern (D:8)
  4 yaks (D:10)
  An ogre (D:5)
  A centaur (D:8)
  A wight (D:5)
  An orc wizard (D:5)
  5 gnolls (D:5)
  2 orcs (D:5)
  A ball python (D:4)
24 creatures vanquished.

Vanquished Creatures (others)
  A gnoll (D:5)
  2 fungi (D:5)
  A plant (D:5)
4 creatures vanquished.

Grand Total: 332 creatures vanquished

Notes
Turn   | Place    | Note
-------+----------+-------------------------------------------
     0 | D:1      | HallandMoats the Ghoul Monk began the quest for the Orb.
     0 | D:1      | Reached XP level 1. HP: 19/19 MP: 0/0
   258 | D:1      | Reached XP level 2. HP: 23/26 MP: 1/1
   417 | D:1      | Reached skill level 1 in Slings
   489 | D:1      | Found a faded altar of an unknown god.
   778 | D:1      | Reached XP level 3. HP: 33/33 MP: 2/2
  1231 | D:1      | Prayed at the altar of an unknown god.
  1231 | D:1      | Became a worshipper of Qazlal Stormbringer
  1231 | D:1      | Reached * piety under Qazlal
  1231 | D:1      | Reached ** piety under Qazlal
  1263 | D:2      | Reached skill level 1 in Invocations
  1352 | D:2      | Reached skill level 4 in Fighting
  1352 | D:2      | Reached XP level 4. HP: 40/40 MP: 3/3
  1362 | D:2      | Found an iron altar of Okawaru.
  1473 | D:2      | Reached *** piety under Qazlal
  1492 | D:2      | Reached skill level 1 in Armour
  2041 | D:3      | Found a hazy altar of Hepliaklqana.
  2261 | D:3      | Found a shadowy altar of Dithmenos.
  2272 | D:3      | Found a snail-covered altar of Cheibriados.
  2392 | D:3      | Reached XP level 5. HP: 27/47 MP: 1/5
  2752 | D:4      | Noticed Duvessa
  2752 | D:4      | Noticed Dowan
  3367 | D:3      | Killed Duvessa
  3368 | D:3      | Reached skill level 5 in Fighting
  3368 | D:3      | Reached XP level 6. HP: 28/56 MP: 0/6
  3382 | D:3      | Killed Dowan
  3789 | D:4      | Found an iron altar of Okawaru.
  3858 | D:4      | Noticed an acid dragon
  3874 | D:4      | Killed an acid dragon
  3875 | D:4      | Reached XP level 7. HP: 43/61 MP: 2/8
  4060 | D:5      | Entered Level 5 of the Dungeon
  4479 | D:5      | Reached skill level 6 in Fighting
  4921 | D:5      | Reached XP level 8. HP: 63/70 MP: 9/9
  5895 | D:5      | Reached skill level 7 in Fighting
  6257 | D:5      | Reached skill level 5 in Slings
  6798 | D:6      | Reached XP level 9. HP: 56/79 MP: 11/11
  7111 | D:6      | Found a staircase to the Ecumenical Temple.
  7218 | D:6      | Reached skill level 8 in Fighting
  7525 | D:6      | Reached skill level 5 in Dodging
  7525 | D:6      | Reached skill level 5 in Invocations
  8529 | D:7      | Found a broken altar of Ashenzari.
  8862 | D:7      | You fall into a shaft and drop 1 floor!
  8898 | D:8      | Reached XP level 10. HP: 67/90 MP: 13/13
  8990 | D:8      | Found Jaenwem's Jewellery Boutique.
  8995 | D:8      | Bought an amulet of reflection for 330 gold pieces
  9225 | D:8      | Noticed a death yak
  9246 | D:8      | Killed a death yak
  9247 | D:8      | Reached skill level 9 in Fighting
  9258 | D:8      | Found a staircase to the Lair.
  9259 | D:8      | Noticed a death yak
  9279 | D:8      | Noticed a death yak
  9280 | D:8      | Killed a death yak
  9291 | D:8      | Killed a death yak
  9292 | D:8      | Reached skill level 5 in Armour
  9533 | D:8      | Reached skill level 10 in Fighting
  9845 | D:8      | Found Xant's Assorted Antiques.
 10332 | D:8      | Noticed Erica
 10351 | D:8      | Killed Erica
 10542 | D:9      | Reached XP level 11. HP: 85/101 MP: 14/14
 12214 | D:10     | Entered Level 10 of the Dungeon
 12214 | D:10     | Found a bloodstained altar of Trog.
 12329 | D:10     | Reached skill level 11 in Fighting
 12693 | D:10     | Found a staircase to the Orcish Mines.
 12892 | D:10     | Noticed a two-headed ogre
 13004 | D:10     | Found an ornate altar of the Wu Jian Council.
 13057 | D:10     | Identified the amulet "Cauq" {Regen+ Int+2}
 13135 | D:10     | Noticed a two-headed ogre
 13189 | D:10     | Killed a two-headed ogre
 13379 | D:11     | Noticed a two-headed ogre
 13420 | D:11     | Noticed a manticore
 13787 | D:11     | Noticed a boulder beetle
 13821 | D:11     | Noticed a catoblepas
 14213 | Orc:1    | Entered Level 1 of the Orcish Mines
 14213 | Orc:1    | Noticed an orc sorcerer
 14229 | Orc:1    | Paralysed by an orc sorcerer for 4 turns
 14254 | D:10     | Killed an orc sorcerer
 14672 | Orc:1    | Noticed Grognak's ghost (novice MiBe)
 14676 | Orc:1    | Found a runed translucent door.
 15046 | Orc:1    | Noticed a two-headed ogre
 15076 | Orc:1    | Killed a two-headed ogre
 15847 | Orc:1    | Noticed an orc knight
 16634 | D:11     | Noticed Psyche
 16640 | D:11     | Killed Psyche
 16816 | D:11     | Noticed a two-headed ogre
 16822 | D:11     | Killed a two-headed ogre
 16823 | D:11     | Reached skill level 12 in Fighting
 16823 | D:11     | Reached XP level 12. HP: 112/112 MP: 16/16
 16934 | D:11     | Killed a boulder beetle
 17046 | D:11     | Killed a catoblepas
 18249 | D:11     | Identified a scroll of acquirement
 18249 | D:11     | Acquired a +0 vorpal hunting sling
 18260 | D:11     | Killed a two-headed ogre
 18276 | D:11     | Killed a two-headed ogre
 19080 | D:11     | Reached skill level 13 in Fighting
 19438 | D:12     | Noticed Josephine
 19834 | D:11     | Killed Josephine
 20515 | D:12     | Reached XP level 13. HP: 107/122 MP: 18/18
 20914 | D:12     | Found a portal to a secret trove of treasure.
 21784 | D:13     | Reached skill level 14 in Fighting
 22094 | D:13     | Noticed a vault guard
 22094 | D:13     | Noticed a vault guard
 22094 | D:13     | Noticed a vault guard
 22094 | D:13     | Noticed a vault guard
 22097 | D:13     | Noticed a vault guard
 22104 | D:13     | Noticed a vault guard
 22114 | D:13     | Killed a vault guard
 22126 | D:13     | Killed a vault guard
 22133 | D:13     | Killed a vault guard
 22133 | D:13     | Killed by an exploding vault guard... ignited by their
                  | inner flame

Illustrated notes

Levels and vault maps discovered:
D:1:      onia_arrival_mini_maze, layout_loops_cross,
          ebering_ecumenical_altar_hall, hex_tiny,
          chequers_hall_statues_corner_a, chequers_jeans, minmay_pentomino_t4
D:2:      layout_basic, basic_altar
D:3:      layout_rooms, old_standard_altar, mainiacjoe_overflow_catwalk_spiral,
          columned_hall_lemuel
D:4:      layout_cave_pools, mainiacjoe_overflow_alcove_1, uniq_duvessa
D:5:      lemuel_castle_with_subvaults [lemuel_castle_interior_carwin_3],
          layout_basic, grunt_decor_resistance, mrwooster_statue_mirror,
          chequers_serial_rivers_micro_d
D:6:      layout_loops_ring, minmay_temple_entry_crystal_x,
          kennysheep_generic_room_9
D:7:      layout_loops_corners, nicolae_gozag_zags_fifth_avenue,
          mainiacjoe_overflow_catwalk, cheibrodos_ashenzari_chains
D:8:      layout_basic, dpeg_lair_monsters, serial_shops, shop_coins,
          minmay_shop_enchanted_jewellery, uniq_erica
D:9:      layout_layer_cave, elyvilon_altar_3
D:10:     layout_roguey, bloody_trog, nicolae_overflow_hidden_temple
D:11:     layout_stronghold, uniq_psyche
D:12:     layout_cave_pools, enter_trove_0, nicolae_tso_swordbearing_angel,
          uniq_josephine
D:13:     layout_grid_maze, erik_vaults_2, gauntlet_entry_generic
Orc:1:    nicolae_orc_accident_3, layout_diamond_mine,
          hellmonk_ghost_happy_afterlife

Skill      XL: |  1  2  3  4  5  6  7  8  9 10 11 12 13 |
---------------+----------------------------------------+-----
Slings         | 1 2 3 4 5 6 7 8 9 |  9.8
Invocations    | 1 2 3 4 5 6 7 9 |  9.6
Fighting       | 4 5 6 7 8 10 12 13 14 | 14.1
Armour         | 1 2 3 4 5 6 7 8 |  8.0
Dodging        | 3 4 5 6 7 8 |  8.6
Stealth        | |  2.1
Shields        | |  0.9
Unarmed Combat | |  3.2

Action                   |  1- 3 |  4- 6 |  7- 9 | 10-12 | 13-15 || total
-------------------------+-------+-------+-------+-------+-------++-------
Melee: Unarmed           |    74 |   150 |   523 |   752 |       ||  1499
       Punch             |     3 |     5 |    18 |    38 |       ||    64
       Dagger            |       |       |    27 |       |       ||    27
       Scimitar          |       |       |       |    35 |       ||    35
 Fire: Hunting sling     |       |       |       |   283 |   155 ||   438
Invok: Upheaval          |       |     2 |     1 |    10 |     1 ||    14
       Elemental Force   |       |     2 |     3 |     7 |       ||    12
Evoke: Wand              |       |       |       |    19 |       ||    19
  Use: Scroll            |       |     5 |     1 |    13 |     5 ||    24
       Potion            |       |     3 |       |     2 |     7 ||    12
 Stab: Sleeping          |     4 |       |       |       |       ||     4
       Paralysed         |       |       |     1 |     3 |       ||     4
       Distracted        |       |       |       |     1 |       ||     1
Armor: Robe              |     2 |       |       |       |       ||     2
       Scale mail        |    16 |    44 |       |       |       ||    60
       Acid dragon scale |       |       |   151 |   393 |    49 ||   593
Dodge: Dodged            |    41 |    73 |   314 |   567 |    77 ||  1072
Block: Other             |     5 |    31 |    98 |   403 |    40 ||   577
       Reflection        |       |       |       |     8 |     7 ||    15
       Buckler           |       |       |       |       |    15 ||    15

Table legend: (Time is in decaauts)
 A = Elapsed time spent in this place.
 B = Non-inter-level travel time spent in this place.
 C = Inter-level travel time spent in this place.
 D = Time resting spent in this place.
 E = Time spent auto-exploring this place.
 F = Levels seen in this place.
 G = Mean time per level.
                   A        B        C        D        E       F      G
               +--------+--------+--------+--------+--------+-----+--------+
         Total |  21991 |  21395 |    596 |   3553 |  13577 |  14 | 1570.8 |
       Dungeon |  20847 |  20251 |    596 |   3381 |  12936 |  13 | 1603.6 |
  Orcish Mines |   1143 |   1143 |      0 |    172 |    641 |   1 | 1143.0 |
               +--------+--------+--------+--------+--------+-----+--------+

Top non-repeatable levels by time:
    D:11: 2975 daAuts
    D:10: 2928 daAuts
     D:5: 2246 daAuts
     D:9: 1911 daAuts
     D:8: 1621 daAuts
    D:12: 1606 daAuts
     D:3: 1348 daAuts
     D:6: 1263 daAuts
     D:1: 1241 daAuts
   Orc:1: 1143 daAuts
     D:7: 995 daAuts
    D:13: 975 daAuts
     D:4: 910 daAuts
     D:2: 822 daAuts
